 Dungeon Crawl Stone Soup version 0.24.1-14-gf8d2b509d9 (webtiles) character file.

Game seed: 1151884268175139634, levelgen mode: deterministic

1184 Hugehornet the Basher (level 8, -5/46 HPs)
             Began as a Gargoyle Fighter on May 18, 2020.
             Slain by an ogre
             ... wielding a +0 giant club
              (7 damage)
             ... on level 5 of the Dungeon.
             The game lasted 00:06:01 (4367 turns).

Hugehornet the Basher (Gargoyle Fighter)            Turns: 4367, Time: 00:06:02

Health: -5/46      AC: 18    Str: 22    XL:     8   Next: 42%
Magic:  8/8        EV:  4    Int:  9    God:
Gold:   364        SH:  9    Dex:  9    Spells: 7/7 levels left

rFire    . . .     SeeInvis .   a - +0 flail
rCold    . . .     Gourm    .   c - +0 shield
rNeg     + . .     Faith    .   t - +0 plate armour
rPois    ∞         Spirit   .   (no helmet)
rElec    +         Reflect  .   m - +0 cloak
rCorr    .         Harm     .   (no gloves)
MR       .....                  (no boots)
Stlth    ..........             (no amulet)
HPRegen  0.15/turn              (no ring)
MPRegen  0.11/turn              (no ring)

@: no status effects
A: negative energy resistance 1, electricity resistance, unbreathing,
petrification resistance, rot immunity, AC +5
a: no special abilities


You were on level 5 of the Dungeon.
You were not hungry.

You visited 1 branch of the dungeon, and saw 5 of its levels.

You collected 364 gold pieces.

Inventory:

Hand Weapons
 a - a +0 flail (weapon)
Armour
 b - a +0 scale mail
 c - a +0 shield (worn)
 m - a +0 cloak (worn)
 t - a +0 plate armour (worn)
Wands
 u - a wand of flame (18)
 w - a wand of polymorph (8)
Scrolls
 h - a scroll of random uselessness {unknown}
 j - a scroll of magic mapping {unknown}
 k - 2 scrolls of enchant weapon {unknown}
 l - a scroll of noise {unknown}
 o - a scroll of remove curse {unknown}
 q - 2 scrolls of teleportation
 r - a scroll of enchant armour {unknown}
 s - a scroll of fog {unknown}
 v - a scroll of immolation {unknown}
Potions
 d - a potion of invisibility
 e - 2 potions of cancellation
 g - a potion of berserk rage
 i - a potion of might
 n - a potion of ambrosia
 p - a potion of resistance {unknown}
Comestibles
 f - 6 rations
 x - 7 chunks of flesh


   Skills:
 - Level 3.2 Fighting
 + Level 10.0 Maces & Flails
 - Level 3.2 Armour
 - Level 3.2 Shields


You had 7 spell levels left.
You didn't know any spells.
Your spell library contained the following spells:

 Spells                   Type           Power        Failure   Level  Hunger
 Animate Skeleton         Necr           N/A          100%        1    ##.....
 Apportation              Tloc           #.....       100%        1    ##.....
 Confusing Touch          Hex            #.....       100%        1    ##.....
 Summon Small Mammal      Summ           #...         100%        1    ##.....


Dungeon Overview and Level Annotations

Branches:
Dungeon (5/15)
 Temple: D:4-7

Altars:
Dithmenos
Fedhas
Nemelex Xobeh
Ru
Vehumet
The Shining One


Innate Abilities, Weirdness & Mutations

You are resistant to torment.
Your stone body is resilient. (AC +5)
You are immune to poison.
You resist negative energy. (rN+)
You are resistant to electric shocks. (rElec)
You can survive without breathing.
You are immune to petrification.
You are immune to rotting.


Message History

The ogre is lightly wounded.
The ogre hits you with a +0 giant club!
You are too injured to fight recklessly!
Your shield and plate armour prevent you from hitting the ogre.
The ogre is lightly wounded.
The ogre hits you with a +0 giant club!
* * * LOW HITPOINT WARNING * * *
You sock the ogre!
The ogre is heavily wounded.
The ogre barely misses you.
You hit the ogre.
The ogre is heavily wounded.
The ogre hits you with a +0 giant club!
* * * LOW HITPOINT WARNING * * *
You hit the ogre.
The ogre is heavily wounded.
You hit the ogre.
The ogre is severely wounded.
The ogre hits you with a +0 giant club!
You die...

........#.....# ..
#.......#....... ...#
##.......$...#..
...#.......†.).....# .
.....##.. #.......# ..
........####.......#...
.........##.........##. .#.
.........#............. #.##
........O@......†...... ...
.........#####÷####.... ...
.........####....# . ..##
##..........#..)...##
...###...............#...#
...........##......####.##.
......<##.....#...#........
..#..........###...........
###...####..###..._.....##.#


You could see an ogre.

Vanquished Creatures
  Sigmund (D:2)
  Duvessa (D:4)
  An ice beast (D:5)
  A phantom (D:5)
  Dowan (D:4)
  2 scorpions
  3 howler monkeys
  A bullfrog zombie (D:5)
  Crazy Yiuf (D:2)
  An iguana (D:4)
  2 orc wizards (D:5)
  3 worker ants
  Robin (D:2)
  12 adders
  3 gnolls (D:4)
  2 adder skeletons
  2 worms (D:2)
  2 dart slugs (D:1)
  8 leopard geckos
  7 orcs
  5 giant cockroaches
  15 goblins
  7 hobgoblins
  9 jackals
  7 bats
  5 frilled lizards
  A giant cockroach zombie (D:5)
  6 kobolds
  A quokka skeleton (D:5)
  8 rats
  A fungus (D:2)
120 creatures vanquished.

Notes
Turn   | Place    | Note
-------+----------+-------------------------------------------
     0 | D:1      | Hugehornet the Gargoyle Fighter began the quest for the
                  | Orb.
     0 | D:1      | Reached XP level 1. HP: 14/14 MP: 1/1
    73 | D:1      | Reached XP level 2. HP: 19/19 MP: 2/2
   156 | D:1      | Reached skill level 3 in Maces & Flails
   550 | D:1      | Reached XP level 3. HP: 23/23 MP: 3/3
   939 | D:2      | Noticed Sigmund
   953 | D:2      | Killed Sigmund
   953 | D:2      | Reached skill level 5 in Maces & Flails
   953 | D:2      | Reached XP level 4. HP: 16/28 MP: 4/4
   953 | D:2      | Reached XP level 5. HP: 18/32 MP: 5/5
  1121 | D:2      | Noticed Robin
  1161 | D:2      | Killed Robin
  1161 | D:2      | Reached skill level 6 in Maces & Flails
  1322 | D:2      | Reached XP level 6. HP: 37/37 MP: 6/6
  1326 | D:2      | Found a blossoming altar of Fedhas.
  1436 | D:2      | Found a radiant altar of Vehumet.
  1611 | D:2      | Found a sacrificial altar of Ru.
  1792 | D:2      | Found a runed translucent door.
  1793 | D:2      | Noticed Crazy Yiuf
  1801 | D:2      | Killed Crazy Yiuf
  2470 | D:3      | Found a shadowy altar of Dithmenos.
  2766 | D:4      | Found a radiant altar of Vehumet.
  2782 | D:4      | Reached skill level 7 in Maces & Flails
  2801 | D:4      | Reached XP level 7. HP: 5/41 MP: 7/7
  3737 | D:4      | Noticed Dowan
  3738 | D:4      | Noticed Duvessa
  3770 | D:4      | Killed Duvessa
  3770 | D:4      | Reached skill level 8 in Maces & Flails
  3785 | D:4      | Killed Dowan
  4066 | D:5      | Entered Level 5 of the Dungeon
  4109 | D:5      | Found a glowing golden altar of the Shining One.
  4155 | D:5      | Reached skill level 9 in Maces & Flails
  4190 | D:5      | Reached XP level 8. HP: 46/46 MP: 8/8
  4200 | D:5      | Found a sparkling altar of Nemelex Xobeh.
  4331 | D:5      | Reached skill level 10 in Maces & Flails
  4365 | D:5      | HP: 1/46 [ogre/+0 giant club (12)]
  4367 | D:5      | Slain by an ogre

Levels and vault maps discovered:
D:1:      lordsloth_arrival_two_stooges, layout_loops_ring
D:2:      layout_rooms, vehumet_crystals, marbit_many_paths, serial_rivers,
          chequers_serial_rivers_micro_a, chequers_serial_rivers_room_b,
          chequers_serial_rivers_marsh, chequers_serial_rivers_large_b,
          chequers_serial_rivers_micro_c, chequers_serial_rivers_marsh,
          fedhas_altar_2, uniq_sigmund, uniq_crazy_yiuf_cottage, uniq_robin
D:3:      layout_basic, nicolae_overflow_hidden_temple, first_ration,
          kennysheep_potato
D:4:      layout_gridville, vehumet_altar_wand_db, uniq_duvessa
D:5:      layout_cave_pools, grunt_temple_overflow_open,
          minmay_temple_entry_crystal_x, corexii_item_surrounded_by_moat

Skill      XL: |  1  2  3  4  5  6  7  8 |
---------------+-------------------------+-----
Maces & Flails | 3 5 6 7 9 10 | 10.0
Fighting       | |  3.2
Armour         | |  3.2
Shields        | |  3.2

Action                   |  1- 3 |  4- 6 |  7- 9 || total
-------------------------+-------+-------+-------++-------
Melee: Flail             |    75 |   220 |   268 ||   563
  Use: Potion            |     2 |       |       ||     2
       Scroll            |       |     3 |     2 ||     5
  Eat: Chunk             |       |     6 |     3 ||     9
       Ration            |       |       |     1 ||     1
Armor: Scale mail        |    28 |   178 |    21 ||   227
       Plate armour      |       |       |   179 ||   179
Dodge: Dodged            |    13 |    76 |    40 ||   129
Block: Shield            |    39 |   148 |   135 ||   322
